 Dungeon Crawl Stone Soup version 0.23.1 (webtiles) character file.

Game seed: 14957556715733449846

6 Norn the Charmwright (level 1, 0/17 HPs)
             Began as a Merfolk Skald on Mar 12, 2019.
             Killed from afar by a dart slug (4 damage)
             ... with a slug dart
             ... on level 1 of the Dungeon.
             The game lasted 00:00:40 (422 turns).

Norn the Charmwright (Merfolk Skald)                 Turns: 422, Time: 00:00:41

Health: 0/17       AC:  3    Str: 11    XL:     1   Next: 90%
Magic:  0/3        EV: 12    Int: 12    God:
Gold:   4          SH:  0    Dex: 13    Spells: 3/4 levels left

rFire    . . .     SeeInvis .   a - +0 spear
rCold    . . .     Gourm    .   (no shield)
rNeg     . . .     Faith    .   b - +0 leather armour
rPois    .         Spirit   .   (no helmet)
rElec    .         Reflect  .   (no cloak)
rCorr    .         Harm     .   (no gloves)
MR       .....                  (no boots)
Stlth    +.........             (no amulet)
HPRegen  0.05/turn              (no ring)
MPRegen  0.08/turn              (no ring)

@: infused
A: change form in water, swift swim, stealthy swim
a: no special abilities


You were on level 1 of the Dungeon.
You were not hungry.

You visited 1 branch of the dungeon, and saw 1 of its levels.

You collected 4 gold pieces.

Inventory:

Hand Weapons
 a - a +0 spear (weapon)
Armour
 b - a +0 leather armour (worn)
Scrolls
 c - 2 scrolls of remove curse {unknown}
 d - 2 scrolls of enchant armour {unknown}
 f - a scroll of identify {unknown}
Comestibles
 e - 2 rations {!d}
 g - a chunk of flesh


   Skills:
 + Level 2.3 Fighting
 * Level 3.3 Polearms
 - Level 0.6 Armour
 + Level 2.8 Dodging
 - Level 2.0 Spellcasting
 + Level 3.3 Charms


You had 3 spell levels left.
You knew the following spells:

 Your Spells              Type           Power        Failure   Level  Hunger
a - Infusion              Chrm           #...         9%          1    ##.....

Your spell library contained the following spells:

 Spells                   Type           Power        Failure   Level  Hunger
 Song of Slaying          Chrm           #.......     14%         2    ###....
 Shroud of Golubria       Chrm/Tloc      #.........   26%         2    ###....
 Regeneration             Chrm/Necr      #.........   47%         3    ####...
 Spectral Weapon          Hex/Chrm       #.......     47%         3    ####...


Dungeon Overview and Level Annotations

Branches:
Dungeon (1/15)

Altars:


Message History

You barely miss the kobold. The kobold closely misses you.
You closely miss the kobold.
The frilled lizard bites you but does no damage.
The kobold hits you.
You hit the kobold but do no damage. The frilled lizard misses you.
The kobold barely misses you.
You hit the kobold.
You kill the kobold!
The frilled lizard bites you but does no damage.
You hit the frilled lizard.
You kill the frilled lizard!
No target in view!
You butcher the frilled lizard corpse.
g - a chunk of flesh You see here a frilled lizard skeleton. x2
A dart slug comes into view.
A dart slug is nearby!
Unknown command.
A dart slug is nearby!
A dart slug is nearby!
A kobold comes into view.
The kobold shouts!
You hear an angry hiss.
The dart slug launches a dart at you. The slug dart misses you.
You begin infusing your attacks with magical energy.
You barely miss the kobold. The kobold hits you.
Your leather armour prevents you from hitting the kobold.
A frilled lizard comes into view.
The kobold hits you.
You closely miss the kobold. The kobold hits you but does no damage.
The kobold closely misses you.
You hit the kobold. The kobold barely misses you.
You barely miss the kobold. The kobold misses you.
You hit the kobold. The kobold barely misses you.
You closely miss the kobold. The kobold hits you but does no damage.
Your leather armour prevents you from hitting the kobold.
The kobold hits you but does no damage.
You closely miss the kobold. The kobold hits you.
* * * LOW HITPOINT WARNING * * *
You hit the kobold.
You kill the kobold!
You hit the dart slug. The dart slug launches a dart at you.
The slug dart hits you.
* * * LOW HITPOINT WARNING * * *
You don't have enough magic to cast that spell.
You hit the dart slug but do no damage. The dart slug launches a dart at you.
The slug dart hits you.
You die...

#.###...#♣.♣#
.##..
........#...#
.##..
#......#8.♣#
#8..
#......#...#
##..
#......#♣.8#
##..
#......#...####
#8..
#..............#
##..
#...w÷..(#.###.#
#.. #...†@.....#
###..
#..#######..#
#....
#....#........
##.... ##......#
#...# #.....
............#
#..###.....
###≈PP......#
#..8.......
#P≈≈≈≈PPw...#
#..###.....
≈l≈P≈♣≈≈....# #.
#.....
P≈♣♣♣♣≈P....# #
##....


You could see a dart slug.

Vanquished Creatures
  2 hobgoblins (D:1)
  2 kobolds (D:1)
  A frilled lizard (D:1)
5 creatures vanquished.

Notes
Turn   | Place    | Note
-------+----------+-------------------------------------------
     0 | D:1      | Norn the Merfolk Skald began the quest for the Orb.
     0 | D:1      | Reached XP level 1. HP: 16/16 MP: 3/3
   422 | D:1      | Killed from afar by a dart slug

Action                   || total
-------------------------++-------
Melee: Spear             ||    30
 Cast: Infusion          ||     1
Armor: Leather armour    ||     7
Dodge: Dodged            ||    14
